 Dungeon Crawl Stone Soup version 0.26-a0-712-ga5a9c9c9d0 (webtiles) character file.

Game seed: 7529489689343313784

521 tilp the Covert (level 7, 0/32 HPs)
             Began as a Spriggan Enchanter on Nov 5, 2020.
             Was an Initiate of Dithmenos.
             Slain by a lemure (2 damage)
             ... led by Pikel
             ... on level 6 of the Dungeon.
             The game lasted 00:11:44 (3590 turns).

tilp the Covert (Spriggan Enchanter)                Turns: 3590, Time: 00:11:44

Health: 0/32       AC:  9    Str:  4    XL:     7   Next: 1%
Magic:  10/14      EV: 18    Int: 19    God:    Dithmenos [......]
Gold:   230        SH:  0    Dex: 16    Spells: 5/14 levels left

rFire    . . .     SeeInvis +   a - +3 dagger (protect)
rCold    . . .     Faith    .   (shield restricted)
rNeg     . . .     Spirit   .   e - +0 robe
rPois    .         Reflect  .   (helmet restricted)
rElec    .         Harm     .   (no cloak)
rCorr    .         Rampage  .   (gloves unavailable)
MR       +....                  (boots unavailable)
Stlth    ++++......             y - amulet of regeneration
HPRegen  0.50/turn              (no ring)
MPRegen  0.14/turn              (no ring)

@: protection aura, very quick
A: very small, unfitting armour, see invisible, speed 3
a: Renounce Religion


You were on level 6 of the Dungeon.
You worshipped Dithmenos.
Dithmenos was noncommittal.
You visited 2 branches of the dungeon, and saw 8 of its levels.

You collected 230 gold pieces.

Inventory:

Hand Weapons
 a - a +3 dagger of protection (weapon)
 b - a +1 dagger
 d - a +2 mace of protection
 C - a +0 rapier
Missiles
 j - 2 atropa-tipped darts (quivered)
 k - 144 stones
Armour
 e - a +0 robe (worn)
Jewellery
 q - a +6 ring of strength {unknown}
 r - a +6 ring of intelligence {unknown}
 w - an uncursed ring of wizardry {unknown}
 y - an amulet of regeneration (around neck)
 D - an uncursed ring of protection from magic
Scrolls
 c - a scroll of amnesia
 p - a scroll of random uselessness {unknown}
 s - a scroll of teleportation
 t - a scroll of remove curse {unknown}
 u - a scroll of noise {unknown}
Potions
 f - 3 potions of heal wounds
 h - a potion of mutation
 i - 2 potions of curing
 l - a potion of magic
 m - a potion of might {unknown}
 o - a potion of brilliance {unknown}
 x - 3 potions of degeneration {unknown}
 A - a potion of flight {unknown}
 B - 2 potions of stabbing {unknown}


   Skills:
 - Level 5.0 Short Blades
 - Level 3.0 Dodging
 - Level 8.0 Stealth
 - Level 4.0 Spellcasting
 + Level 5.2 Hexes


You had 5 spell levels left.
You knew the following spells:

 Your Spells              Type           Power        Failure   Level
a - Corona                Hex            ###....      1%          1
b - Ensorcelled Hibernat  Hex/Ice        ##....       7%          2
c - Confusing Touch       Hex            ###.....     4%          3
d - Tukima's Dance        Hex            ###.....     4%          3

Your spell library contained the following spells:

 Spells                   Type           Power        Failure   Level
 Animate Skeleton         Necr           #.....       14%         1
 Apportation              Tloc           #.....       14%         1
 Summon Small Mammal      Summ           #...         14%         1
 Dazzling Flash           Conj/Hex       ##....       14%         3


Dungeon Overview and Level Annotations

Branches:
Dungeon (8/15)             Temple (1/1) D:4
   Lair: D:8-11

Altars:
Ashenzari
Cheibriados
Dithmenos
Nemelex Xobeh
Qazlal
Ru
Yredelemnul
Zin
The Shining One

Annotations:
D:6 Pikel


Innate Abilities, Weirdness & Mutations

You are very small and have problems with some larger weapons.
You are too small for most types of armour.
You have supernaturally acute eyesight. (SInv)
You cover ground extremely quickly.


Message History

Pikel hits the lemure with a +1 whip of freezing.
Pikel freezes the lemure.
The lemure misses you. The lemure completely misses you.
You catch the helpless Pikel completely off-guard!
You impale Pikel!!
Pikel is heavily wounded.
The lemure hits you. The lemure hits you!
* * * LOW HITPOINT WARNING * * *
Pikel hits you but does no damage. The lemure barely misses you.
You barely miss Pikel.
Pikel is heavily wounded.
The lemure hits you!
* * * LOW HITPOINT WARNING * * *
The lemure misses you. x2; Pikel barely misses you.
The lemure closely misses you.
Unknown command.
You hit Pikel.
Pikel is severely wounded.
The lemure closely misses you. x2; The lemure hits you.
You die...

**,,**,**,..,,,,,.###*..,,,****,*
**,,**,*,,....,,,,$.##.##,,****,*
,,,,,,,,,##...,,,,......,,,,,,,,*
**,,,,,,,,....#####..*.#*,,****,*
**,,,,,,,..........##.##,,****,*
*,,,,,,,,,#...#.......#,,*,,,,*
**,,,,,,,,#.....#...#.#,,*,,,,*
****,,,,,*,*#.#5#5..>...#,,,,,,,,
,,,,,,,,*,,,#...@5..........,,,,,
**,*,,,,,,,,#...K5......#...,,,,,
*,*,,,,*.........#...#.#,*#,,>,*
*,,,,***##.....#.........**,,,,*
*,,,,,,,$..............###**,*,*
*,,*,,,*...#####.####### ***,*,*
**,,*,,,,...* #.# *,,,,,*
*,,,*,*,*..,* *.# *,*,***
*,,,*,,,,,,,* *,* *,*,*


You could see Pikel (confused) and 4 lemures.

Vanquished Creatures
  An ice beast (D:4)
  A big kobold (D:7)
  Blork the orc (D:4)
  A howler monkey (D:4)
  2 orc priests (D:3)
  Terence (D:2)
  A worker ant (D:4)
  Robin (D:3)
  4 adders
  2 white imps (D:7)
  2 oozes
  A worm (D:3)
  A dart slug (D:1)
  4 leopard geckos
  5 orcs
  A ball python (D:1)
  3 bats
  2 giant cockroaches
  18 goblins
  8 hobgoblins
  A jackal (D:3)
  8 kobolds
  3 quokkas
  4 frilled lizards
  4 rats
80 creatures vanquished.

Notes
Turn   | Place    | Note
-------+----------+-------------------------------------------
     0 | D:1      | tilp the Spriggan Enchanter began the quest for the Orb.
     0 | D:1      | Reached XP level 1. HP: 9/9 MP: 5/5
   297 | D:1      | Reached XP level 2. HP: 13/13 MP: 6/6
   301 | D:1      | Learned a level 2 spell: Ensorcelled Hibernation
   329 | D:1      | Reached skill level 5 in Stealth
  1271 | D:2      | Found a sparkling altar of Nemelex Xobeh.
  1522 | D:2      | Found a broken altar of Ashenzari.
  1536 | D:2      | Noticed Terence
  1657 | D:2      | Reached XP level 3. HP: 15/16 MP: 5/8
  1730 | D:2      | Killed Terence
  1730 | D:2      | Reached skill level 6 in Stealth
  1874 | D:3      | Reached XP level 4. HP: 21/21 MP: 9/9
  1882 | D:3      | Learned a level 3 spell: Confusing Touch
  1990 | D:3      | Noticed Robin
  2175 | D:3      | Killed Robin
  2321 | D:3      | Reached skill level 7 in Stealth
  2321 | D:3      | Reached XP level 5. HP: 24/24 MP: 7/10
  3046 | D:3      | Learned a level 3 spell: Tukima's Dance
  3254 | D:4      | Found a staircase to the Ecumenical Temple.
  3254 | D:4      | Noticed Blork the orc
  3265 | D:4      | Killed Blork the orc
  3265 | D:4      | Reached skill level 5 in Short Blades
  3265 | D:4      | Reached skill level 8 in Stealth
  3265 | D:4      | Reached XP level 6. HP: 28/28 MP: 11/11
  3279 | Temple   | Entered the Ecumenical Temple
  3285 | Temple   | Became a worshipper of Dithmenos the Shadowed
  3339 | D:4      | Noticed an ice beast
  3350 | D:4      | Killed an ice beast
  3373 | D:4      | You fall into a shaft and drop 2 floors!
  3378 | D:6      | Found a glowing golden altar of the Shining One.
  3378 | D:6      | Found a basalt altar of Yredelemnul.
  3378 | D:6      | Found a stormy altar of Qazlal.
  3378 | D:6      | Found a sacrificial altar of Ru.
  3527 | D:7      | Reached skill level 5 in Hexes
  3527 | D:7      | Reached XP level 7. HP: 32/32 MP: 8/14
  3578 | D:6      | Noticed Pikel
  3590 | D:6      | Slain by a lemure

Illustrated notes

Levels and vault maps discovered:
D:1:      heliophobic_arrival_ceremonial_halls, layout_basic,
          minmay_misc_feat_doors, feat_on_display
D:2:      layout_rooms, grunt_temple_overflow_open, patterned_corridor,
          uniq_terence
D:3:      layout_loops_ring, minmay_quadrilaterals, uniq_robin
D:4:      layout_loops_ring, lemuel_round_altar, minmay_temple_entry_waves,
          uniq_blork_the_orc
D:6:      layout_loops_ring, nicolae_overflow_hidden_temple,
          lemuel_coloured_pillars_altar, basic_altar, hangedman_decor_lopped,
          minmay_misc_feat_diagonals, serial_bayou_lagoon_b, uniq_grinder,
          uniq_pikel
D:7:      layout_layer_cave
D:8:      layout_loops_corners, serial_shops, shop, uniq_psyche
Temple:   compressed_dpeg_circular_temple

Skill      XL: |  1  2  3  4  5  6 |
---------------+-------------------+-----
Stealth        | 5 6 7 8 |  8.0
Short Blades   | 2 3 5 |  5.0
Spellcasting   | 4 |  4.0
Hexes          | 5 |  5.2
Dodging        | |  3.0

Action                   |  1- 3 |  4- 6 |  7- 9 || total
-------------------------+-------+-------+-------++-------
Melee: Dagger            |    56 |   140 |    10 ||   206
 Cast: Corona            |    13 |       |       ||    13
       Ensorcelled Hiber |     8 |    23 |     1 ||    32
       Confusing Touch   |       |     3 |     1 ||     4
  Use: Scroll            |     3 |     7 |       ||    10
 Stab: Sleeping          |    10 |    29 |       ||    39
       Confused          |       |     2 |     1 ||     3
       Distracted        |       |     1 |       ||     1
Armor: Robe              |     9 |    13 |     1 ||    23
Dodge: Dodged            |    40 |    72 |    15 ||   127

Table legend: (Time is in decaauts)
 A = Elapsed time spent in this place.
 B = Non-inter-level travel time spent in this place.
 C = Inter-level travel time spent in this place.
 D = Time resting spent in this place.
 E = Time spent auto-exploring this place.
 F = Levels seen in this place.
 G = Mean time per level.
                   A        B        C        D        E       F      G
               +--------+--------+--------+--------+--------+-----+--------+
         Total |   2637 |   2515 |    122 |    490 |   1347 |   8 |  329.6 |
       Dungeon |   2629 |   2511 |    118 |    490 |   1347 |   7 |  375.6 |
        Temple |      8 |      5 |      3 |      0 |      0 |   1 |    8.0 |
               +--------+--------+--------+--------+--------+-----+--------+

Top non-repeatable levels by time:
     D:3: 890 daAuts
     D:1: 849 daAuts
     D:2: 579 daAuts
     D:7: 145 daAuts
     D:4: 143 daAuts
     D:6: 19 daAuts
  Temple: 8 daAuts
     D:8: 1 daAuts
